 Dungeon Crawl Stone Soup version 0.30-a0-50-gb2d611f6b1 (webtiles) character file.

Game seed: 2496543218862030647

2461 timneilson the Shield-Bearer (level 9, -6/55 HPs)
             Began as a Gargoyle Fighter on Sept 3, 2022.
             Was an Initiate of Okawaru.
             Mangled by a wight
             ... wielding a +5 trident
              (14 damage)
             ... on level 6 of the Dungeon.
             The game lasted 00:13:39 (7385 turns).

timneilson the Shield-Bearer (Gargoyle Fighter)     Turns: 7385, Time: 00:13:40

Health: -6/55      AC: 18    Str: 24    XL:     9   Next: 50%
Magic:  9/9        EV:  9    Int:  9    God:    Okawaru [......]
Gold:   1139       SH:  6    Dex:  9    Spells: 8/8 levels left

rFire   . . .      SeeInvis .    d - +0 scimitar
rCold   + . .      Faith    .    c - +1 buckler
rNeg    + . .      Spirit   .    n - +0 chain mail
rPois   ∞          Reflect  .    b - +0 helmet
rElec   +          Harm     .    (no cloak)
rCorr   .          Rampage  .    (no gloves)
Will    .....                    (no boots)
Stlth   ..........               (no amulet)
HPRegen 0.18/turn                k - ring of protection from cold
MPRegen 0.11/turn                (no ring)

@: about to teleport
A: sickness immunity, AC +6, negative energy resistance 1, electricity
resistance, torment resistance 1, petrification resistance
a: Renounce Religion


You were on level 6 of the Dungeon.
You worshipped Okawaru.
Okawaru was noncommittal.
You visited 2 branches of the dungeon, and saw 7 of its levels.

You collected 1139 gold pieces.

Inventory:

Hand Weapons
 a - a +1 long sword
 d - a +0 scimitar (weapon)
Armour
 b - a +0 helmet (worn)
 c - a +1 buckler (worn)
 n - a +0 chain mail (worn)
Jewellery
 f - a ring of fire
 k - a ring of protection from cold (left hand)
Wands
 m - a wand of digging (5)
 o - a wand of iceblast (12)
Scrolls
 e - a scroll of magic mapping
 i - 2 scrolls of teleportation
 p - a scroll of enchant armour
 s - a scroll of identify
Potions
 g - 3 potions of brilliance
 h - 2 potions of flight


   Skills:
 + Level 5.6 Fighting
 * Level 5.7 Long Blades
 * Level 7.1 Armour
 + Level 3.2 Dodging
 * Level 7.3 Shields
 + Level 0.4 Invocations
 + Level 3.2 Evocations


You had 8 spell levels left.
You didn't know any spells.
Your spell library contained the following spells:

 Spells                   Type           Power      Damage    Failure   Level
 Slow                     Hex            0%         N/A       97%         1
 Scorch                   Fire           0%         2d5       99%         2
 Confusing Touch          Hex            0%         N/A       100%        3
 Gell's Gravitas          Tloc           0%         N/A       100%        3
 Teleport Other           Tloc           0%         N/A       100%        3
 Vampiric Draining        Necr           0%         2d6       100%        3
 Flame Wave               Conj/Fire      0%         2d4       100%        4
 Dispersal                Tloc           0%         N/A       100%        6
 Disjunction              Tloc           0%         N/A       100%        8
 Summon Cactus Giant      Summ           Unusable   N/A       N/A         6

Dungeon Overview and Level Annotations

Branches:
Dungeon (6/15)             Temple (1/1) D:6

Altars:
Ashenzari
Cheibriados
Dithmenos
Elyvilon
Fedhas
Gozag
Kikubaaqudgha
Makhleb
Nemelex Xobeh
Okawaru
Qazlal
Sif Muna
Trog
Uskayaw
Vehumet
Xom
Yredelemnul
Zin
The Shining One

Annotations:
D:3 3 runed translucent doors, Urakste's ghost, amateur OgBe


Innate Abilities, Weirdness & Mutations

You are immune to sickness and miasma.
Your stone body is resilient. (AC +6)
You are immune to poison.
You resist negative energy. (rN+)
You are resistant to electric shocks. (rElec)
You are resistant to unholy torment.
You are immune to petrification.


Message History

There is a stone staircase leading down here.
There is a stone staircase leading down here.
There is an open door here.
There is an open door here.
You open the door. 5 wights come into view.
A wight is wielding a +4 spear of freezing.
A wight is wielding a +1 short sword of draining.
The wight hits you but does no damage.
Press: ? - help, v - describe, . - travel
Here: a wight, wielding a +0 scimitar and wearing a +0 robe The floor.
Unknown command.
The wight hits you with a +5 trident.
You hit the wight but do no damage. The wight hits you with a +5 trident.
You closely miss the wight. The wight hits you with a +5 trident!
The wight hits you but does no damage.
You barely miss the wight. The wight hits you with a +5 trident!
You closely miss the wight. The wight closely misses you.
You hit the wight but do no damage. The wight hits you with a +5 trident.
You closely miss the wight. The wight closely misses you.
You hit the wight.
The wight is lightly damaged.
The wight closely misses you.
You closely miss the wight.
The wight is lightly damaged.
The wight hits you with a +5 trident! x2
* * * LOW HITPOINT WARNING * * *
You closely miss the wight.
The wight is lightly damaged.
The wight barely misses you.
You closely miss the wight.
The wight is lightly damaged.
The wight completely misses you.
Okay, then.
As you read the scroll of teleportation, it crumbles to dust.
You feel strangely unstable. The wight hits you but does no damage.
The wight attacks as you move away! The wight hits you with a +5 trident.
* * * LOW HITPOINT WARNING * * *
The wight hits you from afar with a +5 trident!
You die...

#.# ### #.# # ..# #.#
#. ... #.# ... #.#
#####.# .... ### #.#
#...... ..... ##.###.#
#.#####
.....z####...##.####.#
.....zzz.@...........#
.....z####...##.####.#
..... ##.....# #.#
.... #.##### #.# ...
#.# #.##### #+ #.#
#...... #.# ###.###
#.# #.# #.#


You could see 5 wights.

Vanquished Creatures
  Pikel (D:5)
  Grinder (D:3)
  6 yaks (D:6)
  A water moccasin (D:5)
  An ogre (D:5)
  A lemure (D:5)
  2 phantoms (D:5)
  2 necrophages
  2 scorpions
  A hound (D:5)
  Ijyb (D:3)
  Jessica (D:3)
  An iguana (D:4)
  Natasha (twice) (D:3)
  3 orc wizards
  2 adders
  A shadow imp (D:6)
  2 white imps (D:6)
  2 worms
  4 dart slugs
  19 orcs
  4 endoplasms (D:3)
  2 giant cockroaches
  10 goblins
  13 hobgoblins
  4 kobolds
  6 quokkas
  16 ball pythons
  5 bats
  4 frilled lizards
  8 rats
128 creatures vanquished.

Notes
Turn   | Place    | Note
-------+----------+-------------------------------------------
     0 | D:1      | timneilson the Gargoyle Fighter began the quest for the
                  | Orb.
     0 | D:1      | Reached XP level 1. HP: 14/14 MP: 1/1
    48 | D:1      | Reached XP level 2. HP: 11/19 MP: 2/2
   460 | D:1      | Reached XP level 3. HP: 17/23 MP: 3/3
  1432 | D:2      | Found a basalt altar of Yredelemnul.
  1966 | D:3      | Reached XP level 4. HP: 28/28 MP: 4/4
  2206 | D:3      | Found a snail-covered altar of Cheibriados.
  2331 | D:3      | Reached skill level 1 in Dodging
  2498 | D:3      | Found a runed translucent gate.
  2498 | D:3      | Found a runed translucent gate.
  2498 | D:3      | Found an opulent altar of Gozag.
  2498 | D:3      | Found a runed translucent gate.
  2501 | D:3      | Noticed Urakste's ghost (amateur OgBe)
  2572 | D:3      | Noticed Natasha
  2581 | D:3      | Killed Natasha
  2582 | D:3      | Reached XP level 5. HP: 24/33 MP: 5/5
  2778 | D:3      | Noticed Grinder
  2780 | D:3      | Paralysed by Grinder for 2 turns
  2797 | D:3      | Paralysed by Grinder for 4 turns
  2809 | D:3      | HP: 2/49 [Grinder/nerve-wracking pain (1)]
  2811 | D:3      | Paralysed by Grinder for 3 turns
  2818 | D:3      | Killed Grinder
  2819 | D:3      | Reached skill level 1 in Evocations
  2819 | D:3      | Reached XP level 6. HP: 16/38 MP: 6/6
  3108 | D:3      | Noticed Ijyb
  3144 | D:3      | Killed Ijyb
  3249 | D:3      | Found a broken altar of Ashenzari.
  3261 | D:3      | Noticed Natasha
  3269 | D:3      | Killed Natasha
  3377 | D:3      | Noticed Jessica
  3408 | D:3      | Killed Jessica
  3941 | D:4      | Identified the +6 battleaxe "Taifi" {pain, Fly rN++}
  4305 | D:4      | Found the amulet of Elemental Vulnerability {rPois rF--
                  | rC-- AC+8}
  4354 | D:4      | Reached skill level 5 in Shields
  4354 | D:4      | Reached XP level 7. HP: 38/43 MP: 7/7
  4430 | D:4      | Reached skill level 5 in Armour
  4712 | D:5      | Entered Level 5 of the Dungeon
  4728 | D:5      | Noticed Pikel
  4794 | D:5      | Killed Pikel
  4795 | D:5      | Reached XP level 8. HP: 19/48 MP: 8/8
  5076 | D:5      | Found a shimmering blue altar of Sif Muna.
  5317 | D:5      | Found a blossoming altar of Fedhas.
  5980 | D:5      | Reached skill level 5 in Fighting
  6194 | D:5      | Found a hide-covered altar of Uskayaw.
  6327 | D:5      | Identified a scroll of acquirement
  6327 | D:5      | Acquired 947 gold pieces
  6407 | D:6      | Noticed a yak
  6407 | D:6      | Noticed a yak
  6408 | D:6      | Noticed a yak
  6408 | D:6      | Noticed a yak
  6408 | D:6      | Noticed a yak
  6409 | D:6      | Noticed a yak
  6420 | D:6      | Killed a yak
  6421 | D:6      | Reached skill level 5 in Long Blades
  6426 | D:6      | Killed a yak
  6427 | D:6      | Reached XP level 9. HP: 32/54 MP: 9/9
  6633 | D:6      | Found a staircase to the Ecumenical Temple.
  6639 | Temple   | Entered the Ecumenical Temple
  6650 | Temple   | Became a worshipper of Warmaster Okawaru
  7385 | D:6      | Mangled by a wight

Illustrated notes

Levels and vault maps discovered:
D:1:      onia_arrival_pyramid, layout_loops_ring,
          shapermc_ecumenical_altar_petra, minmay_misc_feat_roman
D:2:      layout_basic, basic_altar
D:3:      layout_basic, ashenzari_altar_1, cheibriados_altar_1,
          ebering_ghost_gozag, uniq_jessica, uniq_ijyb, uniq_grinder,
          uniq_natasha
D:4:      layout_gridville, kennysheep_nub
D:5:      layout_loops_ring, lemuel_blue_sif_altar,
          mainiacjoe_overflow_brackets, lemuel_crystal_altar, uniq_pikel
D:6:      layout_loops_corners, minmay_temple_entry_purple_smoke
Temple:   nicolae_temple_bog_church

Skill      XL: |  1  2  3  4  5  6  7  8  9 |
---------------+----------------------------+-----
Long Blades    | 2 3 4 5 |  5.7
Shields        | 4 5 6 7 |  7.3
Armour         | 4 5 6 7 |  7.1
Dodging        | 1 2 3 |  3.2
Fighting       | 4 5 |  5.6
Evocations     | 1 2 3 |  3.2
Invocations    | |  0.4

Action                   |  1- 3 |  4- 6 |  7- 9 || total
-------------------------+-------+-------+-------++-------
Melee: Long sword        |   186 |   222 |   377 ||   785
       Scimitar          |       |       |    10 ||    10
  Use: Scroll            |     6 |       |     8 ||    14
       Potion            |       |     3 |     7 ||    10
Armor: Scale mail        |   110 |   117 |    40 ||   267
       Chain mail        |       |       |   128 ||   128
Dodge: Dodged            |    99 |   122 |   130 ||   351
Block: Buckler           |    45 |    58 |    93 ||   196

Table legend: (Time is in decaauts)
 A = Elapsed time spent in this place.
 B = Non-inter-level travel time spent in this place.
 C = Inter-level travel time spent in this place.
 D = Time resting spent in this place.
 E = Time spent auto-exploring this place.
 F = Levels seen in this place.
 G = Mean time per level.
                   A        B        C        D        E       F      G
               +--------+--------+--------+--------+--------+-----+--------+
         Total |   7608 |   7478 |    130 |    256 |   5643 |   7 | 1086.9 |
       Dungeon |   7397 |   7282 |    115 |    256 |   5466 |   6 | 1232.8 |
        Temple |    210 |    195 |     15 |      0 |    177 |   1 |  210.0 |
               +--------+--------+--------+--------+--------+-----+--------+

Top non-repeatable levels by time:
     D:3: 2001 daAuts
     D:5: 1497 daAuts
     D:1: 1170 daAuts
     D:4: 1092 daAuts
     D:2: 836 daAuts
     D:6: 800 daAuts
  Temple: 210 daAuts
